 Dungeon Crawl Stone Soup version 0.31.0-12-g77e489cdc1 (webtiles) character file.

Game seed: 5944255265146288182

884 MollyMolluskus the Ruffian (level 8, -1/81 HPs)
             Began as an Octopode Fighter on Feb 13, 2024.
             Was a Follower of Wu Jian.
             Succumbed to a scorpion's poison
             ... on level 6 of the Dungeon.
             The game lasted 00:16:29 (4466 turns).

MollyMolluskus the Ruffian (Octopode Fighter)       Turns: 4466, Time: 00:16:29

Health: -1/81      AC: 24    Str: 17    XL:     8   Next: 5%
Magic:  8/8        EV:  2    Int: 12    God:    Wu Jian [*.....]
Gold:   312        SH:  5    Dex: 15    Spells: 7/7 levels left

rFire   . . .        t - +3 long sword "Homac" {freeze, Fly Int+2 Dex+3 Stlth+}
rCold   . . .        a - +0 buckler
rNeg    + . .        (helmet currently unavailable)
rPois   +            j - amulet of guardian spirit
rElec   .            l - ring of see invisible
rCorr   .            o - ring of positive energy
SInv    +            (no ring)
Will    .....        (no ring)
Stlth   ++++         (no ring)
HPRegen 0.33/turn    (no ring)
MPRegen 0.11/turn    (no ring)
                     (no ring)

%: guardian spirit
@: lethally poisoned (-1 -> -8), tree-form, attractive
A: stationary, stasis, torment immunity, boosted hp, almost no armour,
(amphibious), 8 rings, (camouflage 1), (gelatinous body 1), (nimble swimmer 1),
(tentacles)
a: Renounce Religion


You were on level 6 of the Dungeon.
You worshipped Wu Jian.
Wu Jian was aware of your devotion.
You were a tree.
You visited 2 branches of the dungeon, and saw 7 of its levels.

You collected 312 gold pieces.

Inventory:

Hand Weapons
 q - a +5 short sword
 t - the +3 long sword "Homac" (weapon) {freeze, Fly Int+2 Dex+3 Stlth+}
   (You found it on level 5 of the Dungeon)

   Int+2:     It affects your intelligence (+2).
   Dex+3:     It affects your dexterity (+3).
   Fly:       It grants you flight.
   Stlth+:    It makes you more stealthy.
Missiles
 g - 6 poisoned darts (quivered)
 r - 2 boomerangs
Armour
 a - a +0 buckler (worn)
Jewellery
 c - a ring of ice
 j - an amulet of guardian spirit (around neck)
 l - a ring of see invisible (left branch)
 o - a ring of positive energy (right branch)
Wands
 k - a wand of paralysis (8)
 u - a wand of polymorph (5)
Scrolls
 p - 4 scrolls of immolation
Potions
 b - 3 potions of might
 e - 2 potions of enlightenment
 f - 2 potions of mutation
 h - a potion of invisibility
 i - a potion of haste
 n - a potion of attraction
Miscellaneous
 d - a tin of tremorstones (2/2)


   Skills:
 + Level 4.8 Fighting
 + Level 4.9 Dodging
 - Level 4.0 Stealth
 - Level 4.0 Shields
 * Level 5.9 Unarmed Combat


You had 7 spell levels left.
You didn't know any spells.
Your spell library contained the following spells:

 Spells                   Type           Power      Damage    Failure   Level
 Apportation              Tloc           0%         N/A       38%         1
 Magic Dart               Conj           0%         1d3       38%         1
 Necrotise                Necr           0%         1d4       38%         1
 Shock                    Conj/Air       0%         1d3       38%         1
 Sting                    Conj/Alch      0%         1d3       38%         1
 Summon Small Mammal      Summ           0%         N/A       38%         1
 Blink                    Tloc           0%         N/A       54%         2
 Call Imp                 Summ           0%         N/A       54%         2
 Searing Ray              Conj           0%         2d4       54%         2
 Swiftness                Air            0%         N/A       77%         3
 Airstrike                Air            0%         2d(0-16)  99%         4
 Fulminant Prism          Conj/Alch      0%         3d5       99%         4


Dungeon Overview and Level Annotations

Branches:
Dungeon (6/15)             Temple (1/1) D:4

Altars:
Ashenzari
Dithmenos
Fedhas
Gozag
Hepliaklqana
Kikubaaqudgha
Okawaru
Ru
Sif Muna
Trog
Uskayaw
Vehumet
Wu Jian
Xom
Yredelemnul
The Shining One

Shops:
D:5 *


Innate Abilities, Weirdness & Mutations

You are a tree.
Your roots penetrate the ground, keeping you stationary.
You cannot be teleported.
You are immune to unholy pain and torment.
Your maximum health is greatly increased.
You cannot wear most types of armour.
((You are amphibious.))
You can wear up to eight rings at the same time.
((Your skin changes colour to match your surroundings (Stealth+).))
((Your rubbery body absorbs attacks. (AC +1, EV +1)))
((You are camouflaged when in or above water. (Stealth+)))
((You have tentacles for arms and can constrict up to eight enemies at once.))


Message History

You feel invigorated.
You constrict the scorpion.
* * * LOW HITPOINT WARNING * * *
You feel very sick. The scorpion stings you!
* * * LOW HITPOINT WARNING * * *
You constrict the scorpion.
* * * LOW HITPOINT WARNING * * *
You feel very sick. The scorpion barely misses you.
You constrict the scorpion.
* * * LOW HITPOINT WARNING * * *
You feel very sick. The scorpion closely misses you.
You constrict the scorpion.
* * * LOW HITPOINT WARNING * * *
You feel sick. The scorpion stings you.
* * * LOW HITPOINT WARNING * * *
You are more poisoned.
The scorpion poisons you!
Unknown command.
You feel less invigorated.
You feel less confused.
You constrict the scorpion.
You kill the scorpion!
The Council accepts your kill.
* * * LOW HITPOINT WARNING * * *
You feel very sick.
You have reached level 8!
There is a lethal amount of poison in your body!
* * * LOW HITPOINT WARNING * * *
You feel very sick.
It was a potion of attraction.
You feel attractive to monsters.
* * * LOW HITPOINT WARNING * * *
You feel very sick.
It was a potion of lignification.
You turn into a tree.
Your roots penetrate the ground.
* * * LOW HITPOINT WARNING * * *
You feel sick.
You die...

#....#.....#. ####
###....###..##
#...#####....#####?.###
#.......'....#..<......
#......)#....#.........
+.......#....#.........
##..###'#....#.###..###
####'##....####. #..#
......)♣...# .. ....
..(..(#....# .. ....#
.....(#....#... ....+
##### #....# ######


There were no monsters in sight!

Vanquished Creatures
  A centaur (D:3)
  A phantom (D:5)
  A gnoll sergeant (D:6)
  A scorpion (D:6)
  3 bombardier beetles
  2 hounds (D:5)
  4 iguanas
  A sleepcap (D:4)
  3 orc wizards
  7 gnolls
  8 adders
  A white imp (D:5)
  A ribbon worm (D:2)
  10 orcs
  5 bats
  7 endoplasms
  5 giant cockroaches
  5 goblins
  7 hobgoblins
  6 jackals
  9 kobolds
  A quokka (D:3)
  6 ball pythons
  6 frilled lizards
  10 rats
111 creatures vanquished.

Notes
Turn   | Place    | Note
-------+----------+-------------------------------------------
     0 | D:1      | MollyMolluskus the Octopode Fighter began the quest for the
                  | Orb.
     0 | D:1      | Reached XP level 1. HP: 16/16 MP: 1/1
   153 | D:1      | Reached XP level 2. HP: 21/21 MP: 2/2
   289 | D:1      | Reached skill level 1 in Stealth
   444 | D:1      | Reached XP level 3. HP: 26/26 MP: 3/3
  1256 | D:2      | Reached skill level 3 in Unarmed Combat
  1256 | D:2      | Reached XP level 4. HP: 14/31 MP: 2/4
  1772 | D:3      | Found a blossoming altar of Fedhas.
  2174 | D:3      | Noticed a centaur
  2184 | D:3      | Killed a centaur
  2185 | D:3      | Reached XP level 5. HP: 21/36 MP: 2/5
  2727 | D:4      | Found a staircase to the Ecumenical Temple.
  2747 | Temple   | Entered the Ecumenical Temple
  2764 | Temple   | Became a worshipper of the Wu Jian Council
  2797 | D:4      | Reached skill level 4 in Unarmed Combat
  2797 | D:4      | Reached XP level 6. HP: 43/43 MP: 6/6
  2815 | D:4      | Found a hide-covered altar of Uskayaw.
  2815 | D:4      | Found a shadowy altar of Dithmenos.
  3411 | D:4      | Reached * piety under Wu Jian
  3690 | D:5      | Entered Level 5 of the Dungeon
  3713 | D:5      | Reached XP level 7. HP: 48/48 MP: 7/7
  3928 | D:5      | Found Zufyum's Fire Supplies.
  3934 | D:5      | Reached skill level 5 in Unarmed Combat
  4173 | D:5      | Identified the +3 long sword "Homac" {freeze, Fly Int+2
                  | Dex+3 Stlth+}
  4463 | D:6      | Reached XP level 8. HP: 9/54 MP: 8/8
  4464 | D:6      | HP: 2/54 [poisoned by a scorpion]
  4466 | D:6      | Succumbed to a scorpion's poison

Illustrated notes

Levels and vault maps discovered:
D:1:      heliophobic_arrival_battle_scene, layout_loops_ring, hex_tiny
D:2:      layout_rooms, serial_co_window_serial, co_window_paths_a,
          co_window_corner_a, co_window_paths_a, co_window_paths_a,
          co_window_of_opportunity_a, co_window_paths_a, co_window_cross_1,
          co_window_corner_b, co_window_corner_b, co_window_cross_4,
          co_window_corner_b, co_window_cross_4, co_window_unsneaky_path_c,
          co_window_2corner, co_window_4corner_b, glass_columns_a,
          glass_columns_a, glass_columns_a, glass_columns_a, glass_columns_b,
          st_stairs_2
D:3:      layout_basic, mainiacjoe_overflow_small_starburst
D:4:      layout_loops_ring, mainiacjoe_overflow_divided_tiny,
          minmay_temple_entry_water_ring,
          hangedman_abyss_or_decor_jellyfish_corner, kennysheep_pointless_box,
          hangedman_decor_diamond_cutter, eino_tiny_chamber, minmay_checkerbox
D:5:      layout_basic, nicolae_shop_fire_sale [nicolae_sub_dead_trees]
D:6:      layout_gridville, nicolae_elyvilon_peaceful_grove, minmay_manual_maat
Temple:   oiseaux_autumnal_temple

Skill      XL: |  1  2  3  4  5  6  7 |
---------------+----------------------+-----
Stealth        | 1 2 3 4 |  4.0
Unarmed Combat | 3 4 5 |  5.9
Dodging        | 4 |  4.9
Fighting       | 4 |  4.8
Shields        | 4 |  4.0

Action                     |  1- 3 |  4- 6 |  7- 9 || total
---------------------------+-------+-------+-------++-------
  Melee: Unarmed           |    16 |       |       ||    16
         Constrict         |    25 |    21 |    14 ||    60
         Tentacles         |    12 |    15 |    16 ||    43
         Short sword       |    53 |    97 |    33 ||   183
         Punch             |     2 |     5 |     2 ||     9
         Long sword        |       |       |    12 ||    12
  Throw: Dart              |     1 |       |     4 ||     5
Ability: Lunge             |       |    13 |    11 ||    24
    Use: Scroll            |     1 |     8 |     1 ||    10
         Potion            |       |       |     3 ||     3
   Stab: Sleeping          |     8 |    13 |     4 ||    25
 Armour: Skin              |    20 |    30 |    17 ||    67
  Dodge: Dodged            |    32 |    47 |    23 ||   102
  Block: Buckler           |    11 |     9 |     4 ||    24
